 Dungeon Sprint DCSS version 0.17-a0-1184-gb75be8f (webtiles) character file.

1078 Kidiri the Basher (level 8, -4/139 HPs)
             Began as a Troll Berserker on June 1, 2015.
             Was a High Priest of Trog.
             Slain by Snorg (19 damage)
             ... in the Dungeon (Sprint III: "The Ten Rune Challenge").
             The game lasted 00:05:57 (791 turns).

Kidiri the Basher (Troll Berserker)                  Turns: 791, Time: 00:05:57

Health: -4/139     AC:  5    Str: 33    XL:     8   Next: 8%
Magic:  7/7        EV: 12    Int:  1    God:    Trog [*****.]
Gold:   48         SH:  0    Dex:  9    Spells: 0 memorised, 7 levels left

rFire  + . .     SeeInvis .     a - +0 mace
rCold  . . .     Clarity  .     b - +0 animal skin
rNeg   . . .     SustAt   .     (no shield)
rPois  .         Gourm    +     (helmet restricted)
rElec  +         Spirit   .     (no cloak)
rCorr  .         Warding  .     (gloves unavailable)
rMut   .         NoTele   +     (boots unavailable)
MR     .....                    (no amulet)
Stlth  ..........               (no ring)
                                (no ring)

@: berserking, very quick, not resistant to hostile enchantments, extremely
unstealthy
A: unfitting armour, claws 3, horns 1, breathe flames 1, dopey 1, fire
resistance 1, fast metabolism 3, gourmand, regeneration 2, screaming 1, shaggy
fur 1, electricity resistance, tough skin 2
a: Burn Spellbooks, Berserk, Trog's Hand, Brothers in Arms, Renounce Religion,
Breathe Fire


You were in the Dungeon.
You worshipped Trog.
Trog was extremely pleased with you.
You were not hungry.

You visited 1 branch You collected 48 gold pieces.

Inventory:

Hand weapons
 a - a +0 mace (weapon)
Armour
 b - a +0 animal skin (worn)
Scrolls
 i - a scroll of blinking
 j - 5 scrolls of remove curse
 l - 2 scrolls of immolation {unknown}
 m - 2 scrolls of identify {unknown}
Potions
 e - 2 potions of heal wounds
 f - a potion of haste
 g - 2 potions of magic
 h - a potion of berserk rage
 k - a potion of resistance {unknown}
 n - 3 potions of flight
 p - a potion of might
Comestibles
 c - 3 bread rations
 d - a royal jelly


   Skills:
 * Level 9.8 Fighting
 * Level 10.7 Maces & Flails
 + Level 7.1 Dodging


You had 7 spell levels left.
You didn't know any spells.

Dungeon Overview and Level Annotations

Branches:
Dungeon (1/1)

Altars:
Cheibriados
Dithmenos
Elyvilon
Fedhas
Gozag
Kikubaaqudgha
Makhleb
Nemelex Xobeh
Okawaru
Qazlal
Ru
Sif Muna
Trog
Vehumet
Xom
Yredelemnul
Zin
The Shining One
Jiyva
Lugonu

Annotations:
D Snorg


Innate Abilities, Weirdness & Mutations

You are too large for most types of armour.
You have claws for hands.
Your metabolism is lightning-fast.
You like to eat raw meat.
You heal very quickly.
You are covered in fur (AC +1).
You have very tough skin (AC +2).
You have a pair of small horns on your head.
You can breathe flames.
You are dopey. (Int -2)
Your flesh is heat resistant.
You occasionally shout uncontrollably at your foes.
You are resistant to electric shocks.


Message History

Snorg is lightly wounded.
Snorg bites you. Snorg misses you. Snorg claws you.
You barely miss Snorg.
Snorg is lightly wounded.
Snorg goes berserk!
You sock Snorg! You headbutt Snorg.
Snorg is lightly wounded.
Snorg bites you. Snorg claws you! Snorg claws you.
You sock Snorg! Your headbutt misses Snorg.
Snorg is moderately wounded.
Snorg closely misses you. Snorg claws you! Snorg claws you.
Use which ability? (? or * to list)
A red film seems to cover your vision as you go berserk!
You feel yourself moving faster!
You feel mighty!
You feel somewhat more hungry. Snorg bites you!!
* * * LOW HITPOINT WARNING * * *
Snorg claws you!
* * * LOW HITPOINT WARNING * * *
Snorg barely misses you. Snorg bites you!!
You die...

.#.).#)..#._#
.###'#'###)##
.#..........#
.'.⌠........#
.#...######'#
.#)⌠.#__#...#+#####
.#...#__#...#.§§§§+
.#'###__#...#.#§§§#
.#.).#__#...'.#T@§#
.#___#_.'...#.#§§§#
▓▓▓▓▓▓▓▓▓▓▓▓▓▓▓▓▓▓▓


You could see Snorg (berserk).

Vanquished Creatures
  A deep elf priest (D)
  A shadow (D)
  A spatial vortex (D)
  A necrophage (D)
  A water elemental (D)
  A scorpion (D)
  A crimson imp (D)
  A jelly (D)
  Jessica (D)
  A necromancer (D)
  A wizard (D)
  3 humans (D)
  A kobold demonologist (D)
  An ooze (D)
  2 rats (D)
18 creatures vanquished.

Vanquished Creatures (others)
  2 draconian scorchers (D)
  A yaktaur (D)
  A fire drake (D)
  2 plants (D)
6 creatures vanquished.

Grand Total: 24 creatures vanquished

Notes
Turn   | Place    | Note
--------------------------------------------------------------
     0 | D        | Kidiri the Troll Berserker began the quest for the Orb.
     0 | D        | Reached XP level 1. HP: 22/22 MP: 0/0
     5 | D        | Reached skill level 3 in Maces & Flails
     9 | D        | Acquired Trog's second power
    15 | D        | Noticed Jessica
    20 | D        | Killed Jessica
    20 | D        | Reached skill level 4 in Fighting
    20 | D        | Reached XP level 2. HP: 25/32 MP: 1/1
    20 | D        | Reached XP level 3. HP: 30/39 MP: 2/2
   147 | D        | Noticed a scorpion
   164 | D        | Killed a scorpion
   164 | D        | Reached skill level 5 in Maces & Flails
   164 | D        | Reached XP level 4. HP: 16/49 MP: 3/3
   169 | D        | Killed a yaktaur
   171 | D        | Killed a white draconian scorcher
   206 | D        | Killed a white draconian scorcher
   222 | D        | Gained mutation: Your flesh is heat resistant. [potion of mutation]
   222 | D        | Gained mutation: You have a pair of small horns on your head. [potion of mutation]
   222 | D        | Gained mutation: You occasionally shout uncontrollably at your foes. [potion of mutation]
   223 | D        | Gained mutation: You are dopey. (Int -2) [potion of mutation]
   223 | D        | Gained mutation: You are resistant to electric shocks. [potion of mutation]
   223 | D        | Gained mutation: You can breathe flames. [potion of mutation]
   253 | D        | Reached skill level 5 in Fighting
   280 | D        | Noticed a water elemental
   286 | D        | Killed a water elemental
   286 | D        | Reached skill level 6 in Fighting
   286 | D        | Reached XP level 5. HP: 32/59 MP: 4/4
   343 | D        | Found a radiant altar of Vehumet.
   343 | D        | Found a deep blue altar of Sif Muna.
   343 | D        | Found an ancient bone altar of Kikubaaqudgha.
   343 | D        | Noticed a wizard
   346 | D        | Noticed a soul eater
   349 | D        | Killed a wizard
   349 | D        | Reached skill level 7 in Maces & Flails
   358 | D        | Acquired Trog's third power
   378 | D        | Found a glowing silver altar of Zin.
   378 | D        | Found a glowing golden altar of the Shining One.
   378 | D        | Found a white marble altar of Elyvilon.
   378 | D        | Noticed a deep elf priest
   389 | D        | Killed a deep elf priest
   389 | D        | Reached skill level 8 in Fighting
   389 | D        | Reached skill level 5 in Dodging
   389 | D        | Reached XP level 6. HP: 58/72 MP: 5/5
   439 | D        | Found an iron altar of Okawaru.
   439 | D        | Found a bloodstained altar of Trog.
   439 | D        | Noticed a human
   439 | D        | Noticed a human
   454 | D        | Killed a human
   454 | D        | Reached skill level 9 in Maces & Flails
   454 | D        | Reached XP level 7. HP: 57/81 MP: 6/6
   463 | D        | Killed a human
   548 | D        | Found a basalt altar of Yredelemnul.
   548 | D        | Found a snail-covered altar of Cheibriados.
   548 | D        | Found a blossoming altar of Fedhas.
   548 | D        | Noticed a necrophage
   548 | D        | Noticed a necromancer
   550 | D        | Killed a fire drake
   552 | D        | Killed a necromancer
   553 | D        | Killed a necrophage
   553 | D        | Reached skill level 10 in Maces & Flails
   594 | D        | Noticed a jelly
   597 | D        | Noticed a shadow
   598 | D        | Killed a jelly
   606 | D        | Killed a shadow
   697 | D        | Found a stormy altar of Qazlal.
   697 | D        | Found a sacrificial altar of Ru.
   697 | D        | Found a burning altar of Makhleb.
   697 | D        | Found a shimmering altar of Xom.
   698 | D        | Found a viscous altar of Jiyva.
   698 | D        | Found a shadowy altar of Dithmenos.
   698 | D        | Found a sparkling altar of Nemelex Xobeh.
   698 | D        | Found a corrupted altar of Lugonu.
   698 | D        | Found an opulent altar of Gozag.
   698 | D        | Noticed a spatial vortex
   712 | D        | Killed a spatial vortex
   712 | D        | Reached XP level 8. HP: 50/93 MP: 7/7
   785 | D        | Noticed Snorg
   791 | D        | Slain by Snorg

Vault maps used:
D:        dungeon_sprint_mu

Action                   |  1- 3 |  4- 6 |  7- 9 || total
-------------------------+-------+-------+-------++-------
Melee: Mace              |    23 |    45 |    30 ||    98
Invok: Berserk           |       |     3 |     2 ||     5
       Burn Spellbooks   |       |     2 |       ||     2
 Abil: Breathe Fire      |       |     5 |     3 ||     8
  Use: Potion            |     1 |     2 |       ||     3
 Stab: Sleeping          |     1 |       |       ||     1
  Eat: Chunk             |       |     5 |     4 ||     9
       Fruit             |       |       |     2 ||     2
